 Dungeon Crawl Stone Soup version 0.30-a0-218-gedb9141078 (webtiles) character file.

Game seed: 7891681516387575166

1 LnG the Caller (level 1, -1/10 HPs)
             Began as a Kobold Summoner on Oct 5, 2022.
             Slain by a jackal (2 damage)
             ... on level 1 of the Dungeon.
             The game lasted 00:01:02 (258 turns).

LnG the Caller (Kobold Summoner)                     Turns: 258, Time: 00:01:04

Health: -1/10      AC:  2    Str:  5    XL:     1   Next: 22%
Magic:  1/3        EV: 15    Int: 16    God:
Gold:   4          SH:  0    Dex: 15    Spells: 3/4 levels left

rFire   . . .      SeeInvis .    d - +0 rapier
rCold   . . .      Faith    .    (no shield)
rNeg    . . .      Spirit   .    a - +0 robe
rPois   .          Reflect  .    (no helmet)
rElec   .          Harm     .    (no cloak)
rCorr   .          Rampage  .    (no gloves)
Will    .....                    (no boots)
Stlth   +++.......               (no amulet)
HPRegen 0.21/turn                (no ring)
MPRegen 0.08/turn                (no ring)

@: no status effects
A: small, no large weapons, nightstalker 3
a: no special abilities


You were on level 1 of the Dungeon.
You visited 1 branch of the dungeon, and saw 1 of its levels.

You collected 4 gold pieces.

Inventory:

Hand Weapons
 d - a +0 rapier (weapon)
Armour
 a - a +0 robe (worn)
Scrolls
 c - a scroll of identify {unknown}
Potions
 b - a potion of magic


   Skills:
 + Level 2.4 Dodging
 + Level 2.7 Stealth
 + Level 2.2 Spellcasting
 + Level 4.0 Summonings


You had 3 spell levels left.
You knew the following spells:

 Your Spells              Type           Power      Damage    Failure   Level
a - Summon Small Mammal   Summ           56%        N/A       3%          1

Your spell library contained the following spells:

 Spells                   Type           Power      Damage    Failure   Level
 Call Imp                 Summ           14%        N/A       6%          2
 Call Canine Familiar     Summ           14%        N/A       12%         3
 Summon Guardian Golem    Hex/Summ       8%         N/A       26%         3
 Kindle Blastsparks       Fire/Tloc/Air  2%         2d10      52%         3
 Summon Lightning Spire   Summ/Air       8%         N/A       65%         4
 Fulminant Prism          Conj/Hex       0%         3d6       90%         4
 Iskenderun's Mystic Bla  Conj/Tloc      1%         2d3       90%         4
 Lee's Rapid Deconstruct  Erth           0%         3d5*      99%         5


Dungeon Overview and Level Annotations

Branches:
Dungeon (1/15)

Altars:


Innate Abilities, Weirdness & Mutations

You are small and have problems with some larger weapons.
You are completely attuned to the shadows.


Message History

The jackal barks!
You hear a bark!
The jackal bites you.
You hit the jackal but do no damage. The jackal closely misses your quokka.
The jackal bites you but does no damage.
Your quokka misses the jackal. The jackal misses your quokka.
The jackal bites you.
* * * LOW HITPOINT WARNING * * *
You hit the jackal.
The jackal is moderately wounded.
The jackal completely misses your quokka.
Your quokka completely misses the jackal.
The jackal closely misses you. The jackal barely misses your quokka.
You closely miss the jackal.
The jackal is moderately wounded.
The jackal misses you.
Your quokka closely misses the jackal.
The jackal barely misses your quokka. The jackal closely misses you.
Your quokka completely misses the jackal.
You hit the jackal.
The jackal is moderately wounded.
The jackal barely misses your quokka. The jackal misses you.
Your quokka completely misses the jackal.
The jackal barely misses your quokka. The jackal completely misses you.
A quokka comes into view.
You closely miss the jackal.
The jackal is moderately wounded.
Your quokka barely misses the jackal.
The jackal barely misses your quokka. The jackal misses you.
Your quokka closely misses the jackal.
The jackal bites your quokka but does no damage.
The jackal completely misses you.
You barely miss the jackal. The jackal bites your quokka. The jackal bites you.
* * * LOW HITPOINT WARNING * * *
Your quokka barely misses the jackal.
Casting: Summon Small Mammal (safe; 3% risk of failure)
Confirm with . or Enter, or press ? or * to list all spells.
The jackal bites your quokka but does no damage.
The jackal bites you.
* * * LOW HITPOINT WARNING * * *
Your quokka bites the jackal.
The jackal closely misses your quokka. The jackal bites you.
You die...

####.#.#
....#<#.
...h.....
####.#.#
=........
##.#.#.
.........
##.##.##
.........
##.###.##
.........
##.## #.#
...#h####
##.## #.# ..
#rh@.#####.##
#.# #
####b##...##
#.#
#......###
### #.....##
#.....#
#.....#
#.....+
.....#


You could see 2 jackals, a friendly quokka (summoned) and a friendly bat
(summoned).

Vanquished Creatures (collateral kills)
  A goblin (D:1)
1 creature vanquished.

Notes
Turn   | Place    | Note
-------+----------+-------------------------------------------
     0 | D:1      | LnG the Kobold Summoner began the quest for the Orb.
     0 | D:1      | Reached XP level 1. HP: 10/10 MP: 3/3
   258 | D:1      | Slain by a jackal

Illustrated notes

Levels and vault maps discovered:
D:1:      spicycebolla_arrival_xxxplode, layout_basic,
          shapermc_ecumenical_altar_notcrosses, minmay_misc_feat_nine_boxes,
          st_stairs_3, dreamdust_princess_corridor

Action                   || total
-------------------------++-------
Melee: Rapier            ||     9
 Cast: Summon Small Mamm ||     5
Armor: Robe              ||     2
Dodge: Dodged            ||    10

Table legend: (Time is in decaauts)
 A = Elapsed time spent in this place.
 B = Non-inter-level travel time spent in this place.
 C = Inter-level travel time spent in this place.
 D = Time resting spent in this place.
 E = Time spent auto-exploring this place.
 F = Levels seen in this place.
 G = Mean time per level.
                   A        B        C        D        E       F      G
               +--------+--------+--------+--------+--------+-----+--------+
         Total |    259 |    252 |      7 |      0 |    211 |   1 |  259.0 |
       Dungeon |    259 |    252 |      7 |      0 |    211 |   1 |  259.0 |
               +--------+--------+--------+--------+--------+-----+--------+

Top non-repeatable levels by time:
     D:1: 259 daAuts
